 Dungeon Crawl Stone Soup version 0.23.0 (webtiles) character file.

Game seed: 12752873991299055913

385230 Flugkiller the Warrior (level 21, -5/189 HPs)
             Began as a Demigod Ice Elementalist on Feb 14, 2019.
             Slain by a lorocyproca (21 damage)
             ... summoned by a deep elf demonologist
             ... on level 3 of the Elven Halls on Feb 15, 2019.
             The game lasted 03:28:59 (90418 turns).

Flugkiller the Warrior (Demigod Ice Elementalist)  Turns: 90418, Time: 03:29:00

Health: -5/189     AC: 20    Str: 17    XL:     21   Next: 6%
Magic:  16/41      EV: 25    Int: 25    God:
Gold:   2535       SH: 13    Dex: 18    Spells: 11/42 levels left

rFire    . . .     SeeInvis .   U - +9 demon whip (slash)
rCold    + . .     Gourm    .   N - +0 shield
rNeg     . . .     Faith    .   S - +3 swamp dragon scales
rPois    +         Spirit   .   g - +2 hat
rElec    .         Reflect  .   s - +0 cloak
rCorr    .         Harm     .   i - +0 pair of gloves
MR       +++..                  n - +0 pair of boots {Stlth+}
Stlth    ++........             O - amulet of regeneration
HPRegen  0.81/turn              M - ring "Bukoerung" {rC+ MR+}
MPRegen  0.27/turn              w - +5 ring of evasion

@: lightly drained
A: high mp 1
}: 2/15 runes: decaying, serpentine
a: no special abilities


You were on level 3 of the Elven Halls.
You were hungry.

You visited 8 branches of the dungeon, and saw 40 of its levels.
You also visited: Sewer and Volcano.

You collected 4241 gold pieces.
You spent 1706 gold pieces at shops.

Inventory:

Hand Weapons
 U - a +9 demon whip of slashing (weapon)
   (You took it off Asterion on level 4 of the Snake Pit)
Missiles
 E - 3 throwing nets (quivered)
Armour
 g - a +2 hat (worn)
   (You bought it in a shop on level 2 of the Elven Halls)
 i - a +0 pair of gloves (worn)
   (You found it on level 4 of the Lair of Beasts)
 n - a +0 pair of boots of stealth (worn)
   (You bought it in a shop on level 2 of the Orcish Mines)
 s - a +0 cloak (worn)
   (You found it on level 3 of the Dungeon)
 N - a +0 shield (worn)
   (You found it on level 13 of the Dungeon)
 S - +3 swamp dragon scales (worn)
   (You found it on level 1 of the Swamp)
Jewellery
 l - the amulet "Kykyavi" {Gourm *Contam rElec Int+3 Dex+7}
   (You took it off a deep elf elementalist on level 3 of the Elven Halls)

   [amulet of the gourmand]

   It allows you to eat raw meat even when not hungry.
   It affects your intelligence (+3).
   It affects your dexterity (+7).
   It insulates you from electricity.
   It causes magical contamination when unequipped.
 w - a +5 ring of evasion (right hand)
   (You found it on level 3 of the Dungeon)
 D - a +4 ring of evasion
   (You found it on level 4 of the Dungeon)
 M - the ring "Bukoerung" (left hand) {rC+ MR+}
   (You found it on level 2 of the Vaults)

   [ring of protection from cold]

   It protects you from cold.
   It affects your resistance to hostile enchantments.
 O - an amulet of regeneration (around neck)
   (You found it on level 5 of the Lair of Beasts)
 R - an uncursed ring of protection from fire
   (You found it on level 1 of the Lair of Beasts)
Wands
 m - a wand of acid (10)
   (You found it on level 13 of the Dungeon)
 A - a wand of paralysis (37)
   (You found it in a sewer)
 C - a wand of flame (26)
   (You found it on level 1 of the Depths)
 L - a wand of digging (15)
   (You found it on level 2 of the Lair of Beasts)
 Q - a wand of disintegration (15)
   (You found it on level 3 of the Lair of Beasts)
 W - a wand of enslavement (12)
   (You found it on level 6 of the Lair of Beasts)
 X - a wand of clouds (11)
   (You found it on level 14 of the Dungeon)
Scrolls
 e - 14 scrolls of remove curse
 r - 6 scrolls of teleportation
 t - 4 scrolls of magic mapping
 x - 3 scrolls of immolation
 y - 8 scrolls of identify
 z - a scroll of torment
 F - 4 scrolls of amnesia
 I - 2 scrolls of fog
 K - 5 scrolls of vulnerability
 T - a scroll of fear
Potions
 a - a potion of magic
 b - 6 potions of mutation
 d - 4 potions of flight
 f - a potion of haste
 h - 8 potions of brilliance
 o - 5 potions of might
 p - 12 potions of curing
 q - 9 potions of lignification
 v - 2 potions of cancellation
 B - 2 potions of invisibility
 G - 6 potions of ambrosia
 H - 3 potions of resistance
 J - 4 potions of agility
 P - a potion of berserk rage
Miscellaneous
 k - a phial of floods
   (You found it on level 1 of the Snake Pit)
 Z - a lamp of fire
   (You found it on level 4 of the Snake Pit)
Comestibles
 c - 18 rations
 u - 8 chunks of flesh


   Skills:
 - Level 16.3(16.1) Fighting
   Level 9.1(11.1) Axes
 - Level 10.7(11.8) Maces & Flails
 + Level 13.0(12.9) Armour
 - Level 13.0(12.8) Dodging
 - Level 1.7(1.6) Stealth
 + Level 12.1(11.9) Shields
 - Level 11.0(10.8) Spellcasting
 - Level 8.3(8.1) Conjurations
 - Level 5.0(4.8) Hexes
 + Level 11.5(11.4) Summonings
 - Level 13.0(12.8) Ice Magic
 - Level 5.0(4.8) Air Magic
 - Level 5.0(4.9) Evocations


You had 11 spell levels left.
You knew the following spells:

 Your Spells              Type           Power        Failure   Level  Hunger
a - Freeze                Ice            ####         1%          1    None
b - Throw Frost           Conj/Ice       ######       1%          2    None
c - Ozocubu's Armour      Chrm/Ice       #####...     2%          3    None
d - Throw Icicle          Conj/Ice       ######..     1%          4    None
e - Summon Ice Beast      Ice/Summ       ######..     1%          4    None
f - Freezing Cloud        Conj/Ice/Air   ######....   41%         6    #####..
g - Summon Mana Viper     Hex/Summ       ######..     10%         5    ####...
h - Shadow Creatures      Summ           N/A          14%         6    #####..

Your spell library contained the following spells:

 Spells                   Type           Power        Failure   Level  Hunger
 Confusing Touch          Hex            #####.       1%          1    None
 Flame Tongue             Conj/Fire      ####.        1%          1    None
 Magic Dart               Conj           ####         1%          1    None
 Shock                    Conj/Air       ####         1%          1    None
 Summon Butterflies       Summ           ######..     1%          1    None
 Summon Small Mammal      Summ           ####         1%          1    None
 Call Imp                 Summ           ######..     1%          2    None
 Call Canine Familiar     Summ           ######..     1%          3    None
 Slow                     Hex            #####...     2%          2    None
 Static Discharge         Conj/Air       #####...     2%          3    None
 Aura of Abjuration       Summ           ######....   2%          5    ####...
 Summon Demon             Summ           ######....   2%          5    ####...
 Throw Flame              Conj/Fire      ####..       3%          2    None
 Recall                   Summ/Tloc      N/A          3%          3    None
 Confuse                  Hex            #####...     4%          3    None
 Mephitic Cloud           Conj/Pois/Air  #####...     5%          3    None
 Poisonous Vapours        Pois/Air       ####..       6%          2    None
 Swiftness                Chrm/Air       ####....     6%          2    None
 Conjure Flame            Conj/Fire      ####....     6%          3    None
 Stone Arrow              Conj/Erth      ####..       6%          3    None
 Ice Form                 Ice/Tmut       #####...     8%          4    None
 Metabolic Englaciation   Hex/Ice        ######....   8%          5    ####...
 Ozocubu's Refrigeration  Ice            ######....   9%          6    #####..
 Animate Skeleton         Necr           N/A          11%         1    None
 Apportation              Tloc           ##....       11%         1    None
 Sandblast                Erth           ##....       11%         1    None
 Inner Flame              Hex/Fire       ####....     12%         3    None
 Portal Projectile        Hex/Tloc       ####..       12%         3    None
 Airstrike                Air            #####.....   14%         4    None
 Blink                    Tloc           N/A          16%         2    None
 Passwall                 Tmut/Erth      ##......     16%         2    None
 Shroud of Golubria       Chrm/Tloc      ##........   16%         2    None
 Force Lance              Conj/Tloc      ####....     19%         4    None
 Sticky Flame             Conj/Fire      ####....     19%         4    None
 Lightning Bolt           Conj/Air       #####.....   21%         5    ####...
 Bolt of Cold             Conj/Ice       ######....   22%         6    #####..
 Summon Forest            Summ/Tloc      #####.....   26%         5    ####...
 Gell's Gravitas          Tloc           ##........   30%         3    None
 Ignite Poison            Fire/Tmut/Pois ##......     30%         3    None
 Lesser Beckoning         Tloc           ##........   30%         3    None
 Teleport Other           Tloc           ##......     30%         3    None
 Fireball                 Conj/Fire      ####......   47%         5    ####...
 Iskenderun's Battlesphe  Conj/Chrm      ####....     47%         5    ####...
 Venom Bolt               Conj/Pois      ####......   47%         5    ####...
 Summon Hydra             Summ           ######....   63%         7    #######
 Bolt of Magma            Conj/Fire/Erth ####......   67%         5    ####...
 Animate Dead             Necr           N/A          71%         4    None
 Passage of Golubria      Tloc           N/A          71%         4    None
 Petrify                  Tmut/Erth      ##......     71%         4    None
 Yara's Violent Unravell  Hex/Tmut       ####......   71%         5    ####...
 Simulacrum               Ice/Necr       #####.....   75%         6    #####..
 Spellforged Servitor     Conj/Summ      ######....   83%         7    #######
 Alistair's Intoxication  Tmut/Pois      ##......     96%         5    ####...
 Borgnjor's Vile Clutch   Necr/Erth      ##........   96%         5    ####...
 Lee's Rapid Deconstruct  Erth           ##........   96%         5    ####...
 Iron Shot                Conj/Erth      ####......   96%         6    #####..
 Orb of Destruction       Conj           ######....   97%         7    #######
 Death Channel            Necr           ##........   100%        6    #####..


Dungeon Overview and Level Annotations

Branches:
Dungeon (15/15)            Temple (0/1) D:5            Lair (6/6) D:8
  Swamp (4/4) Lair:4        Snake (4/4) Lair:3        Slime (0/5) Lair:5
    Orc (2/2) D:9             Elf (3/3) Orc:2        Vaults (4/5) D:13
  Crypt (0/3) Vaults:2     Depths (2/5) D:15

Shops:
D:11 !   Orc:2 =(*[   Elf:1 *   Elf:2 [!(   Snake:3 ?   Vaults:4 !

Portals:
Hell: Depths:1
Ziggurat: Depths:1
Trove: Elf:2 (give 10 potions of heal wounds)

Annotations:
D:12 3 runed translucent doors
D:13 1 runed translucent door
Lair:1 exclusion: oklob plant
Vaults:4 Jory
Depths:1 1 runed translucent door, exclusion: orange crystal statue


Innate Abilities, Weirdness & Mutations

You have an increased reservoir of magic. (+10% MP)


Message History

Your mana viper bites something!
The deep elf demonologist gestures wildly while chanting.
The Tzitzimitl falters for a moment.
Something barely misses you.
You whack the deep elf sorcerer!
The deep elf sorcerer is lightly wounded.
Your mana viper bites something!
The deep elf sorcerer's eyes start to glow.
The deep elf sorcerer completely misses you.
You closely miss the deep elf sorcerer.
The deep elf sorcerer is lightly wounded.
Your mana viper bites something.
Something hits you!!
You feel your power leaking away.
The Tzitzimitl calls on the powers of darkness!
Your mana viper convulses!
The deep elf demonologist convulses!
The deep elf sorcerer convulses!
Your body is wracked with pain!
* * * LOW HITPOINT WARNING * * *
Your mana viper convulses!
The deep elf sorcerer gestures at you while chanting.
The bolt of acid hits you.
* * * LOW HITPOINT WARNING * * *
You are splashed with acid!
* * * LOW HITPOINT WARNING * * *
Okay, then.
You feel much better.
Your mana viper bites something!!
Your mana viper closely misses something.
The deep elf sorcerer hits you but does no damage.
The deep elf demonologist casts a spell.
The Tzitzimitl calls on the powers of darkness!
Your mana viper convulses!
The deep elf demonologist convulses!
The deep elf sorcerer convulses!
Your body is wracked with pain!
* * * LOW HITPOINT WARNING * * *
Your mana viper convulses!
Something hits you but does no damage. The smoke demon gestures at you.
Something smites you!
* * * LOW HITPOINT WARNING * * *
You feel much better.
Your mana viper closely misses something. x2
The deep elf sorcerer becomes larger for a moment.
The deep elf sorcerer casts a spell at you.
The bolt of acid hits you!!
* * * LOW HITPOINT WARNING * * *
You are splashed with acid!
* * * LOW HITPOINT WARNING * * *
Your mana viper bites something!
Something hits you!!
You die...

#.....e...##
###.e.....###
.##.....##.#
#.##...##.##
#..##.##..# ##..#3#.###
#..S#e#.# #..S{1.4##
##..@e4...#
####.....(.#.#
#.#.....([.#.#
##.....(.###.# #######
##...((.##..#.#
.#.##.###..(..##[...#.#
............##.....#..#
.....).((([.....#))#.##
....#..#..(....#..#..#


You could see a Tzitzimitl, a deep elf sorcerer, a deep elf demonologist, an ice
devil, a rust devil, a smoke demon and 2 friendly mana vipers.

Vanquished Creatures
  Mara (Vaults:3)
  Vashnia (Snake:4)
  Jorgrun (Swamp:3)
  2 liches
  3 deep elf blademasters (Elf:3)
  Asterion (Snake:4)
  A deep elf master archer (Elf:3)
  A thorn hunter (Swamp:1)
  Gastronok (Lair:3)
  Kirke (Swamp:2)
  8 nagarajas
  A daeva (D:15)
  A tengu reaver (D:15)
  2 shadow dragons
  2 fire giants
  6 frost giants
  5 deep elf sorcerers
  3 orc warlords
  10 vault wardens
  9 deep elf elementalists (Elf:3)
  8 ironheart preservers
  An angel (D:15)
  A war gargoyle (Vaults:3)
  An entropy weaver (Vaults:3)
  8 stone giants
  3 very ugly things (Vaults:3)
  A vampire knight (D:15)
  5 deep elf demonologists
  A spark wasp (Depths:1)
  3 deep elf annihilators (Elf:3)
  4 deep elf death magi
  2 ettins
  3 fire dragons
  6 yaktaur captains
  3 ice dragons
  3 deep elf high priests (Elf:3)
  4 great orbs of eyes
  Harold (D:8)
  15 vault guards
  12 naga warriors
  A ghost crab (Swamp:2)
  18 hydras
  2 rakshasas
  A catoblepas (Lair:6)
  22 anacondas
  14 centaur warriors
  A catoblepas (shapeshifter) (Vaults:3)
  2 shambling mangroves
  A death knight (Vaults:3)
  4 ogre magi
  16 alligators
  23 dancing weapons
  19 two-headed ogres
  3 deep troll earth magi
  3 tengu warriors
  5 orc high priests
  10 death yaks
  6 shock serpents
  11 naga sharpshooters
  18 deep elf knights
  24 skeletal warriors
  2 shadow wraiths
  4 salamander mystics (Snake:4)
  A fire crab (Lair:5)
  5 deep trolls
  4 sea snakes
  2 unseen horrors
  3 glowing orange brains
  A flayed ghost (Depths:1)
  A spriggan druid (Swamp:2)
  6 swamp dragons
  9 naga ritualists
  12 ironbrand convokers
  3 wizards
  12 deep elf archers
  20 orc knights
  3 lindwurms (Snake:4)
  A wolf spider zombie (D:15)
  7 harpies
  4 manticores
  11 mana vipers
  5 orc sorcerers
  10 ugly things
  2 wolf spiders (Vaults:1)
  54 deep elf magi
  38 slime creatures
  6 salamanders
  5 cyclopes
  5 elephants (Lair:6)
  5 guardian serpents
  19 black mambas
  11 naga magi
  A black mamba (shapeshifter) (Vaults:1)
  15 vault sentinels
  3 centaur skeletons
  2 kobold demonologists
  11 spiny frogs
  4 komodo dragons
  18 yaktaurs
  8 rime drakes
  A meliai (shapeshifter) (D:13)
  4 tengu conjurers
  A polar bear (Lair:6)
  2 freezing wraiths (Vaults:3)
  A tengu simulacrum (Vaults:2)
  6 trolls
  12 hornets
  A hippogriff (shapeshifter) (Vaults:1)
  11 tyrant leeches
  A hornet (shapeshifter) (Depths:1)
  7 blink frogs
  6 bog bodies
  13 hippogriffs
  5 spriggans
  55 yaks
  2 shadows
  2 air elementals
  4 redbacks (Vaults:3)
  A wraith (D:14)
  4 hogs (D:8)
  2 fire bats (Volcano)
  8 wyverns
  5 basilisks
  A human (D:8)
  A water elemental (Elf:3)
  2 fire elementals
  2 hungry ghosts
  Eustachio (D:6)
  12 vampire mosquitoes
  14 insubstantial wisps
  17 swamp worms
  4 wargs
  22 nagas
  3 acid dragons
  2 hell hounds (Lair:3)
  14 water moccasins
  4 porcupines
  49 orc warriors
  2 hornet zombies
  14 swamp drakes
  6 sky beasts
  A black bear (D:8)
  3 phantoms
  An eye of draining (shapeshifter) (Vaults:4)
  5 ice beasts
  A tengu (shapeshifter) (Vaults:4)
  An eye of draining (D:12)
  25 ogres
  5 boggarts
  A wolf (Lair:3)
  28 centaurs
  10 crocodiles
  5 big kobolds
  21 bullfrogs
  3 earth elementals
  A gnoll sergeant (D:8)
  A wyvern skeleton (D:9)
  3 scorpions
  14 killer bees
  5 wights
  5 electric eels
  3 howler monkeys
  8 lava snakes
  A bullfrog zombie (D:8)
  3 crimson imps
  A centaur zombie (D:5)
  8 hounds
  A quasit (D:9)
  27 orc priests
  3 jellies
  7 iguanas
  7 bullfrog skeletons
  A gnoll shaman (Orc:1)
  32 orc wizards
  13 worker ants
  2 hound skeletons
  15 gnolls
  18 adders
  3 shadow imps
  2 oozes
  An adder zombie (D:5)
  4 worms
  A dart slug (D:2)
  5 leopard geckos
  106 orcs
  3 giant cockroaches
  10 goblins
  5 hobgoblins
  8 jackals
  8 quokkas
  2 ball pythons
  5 bats
  2 frilled lizards
  A giant cockroach zombie (D:5)
  38 kobolds
  A leopard gecko skeleton (D:6)
  2 quokka skeletons
  A quokka zombie (D:8)
  9 rats
1512 creatures vanquished.

Vanquished Creatures (collateral kills)
  Rupert (Lair:5)
  Agnes (D:14)
  A fire giant (D:15)
  A nagaraja (Snake:4)
  2 deep elf elementalists (Elf:3)
  3 ironheart preservers
  2 deep elf demonologists (Elf:3)
  A deep elf annihilator (Elf:3)
  A deep elf death mage (Elf:3)
  A fire dragon (Depths:1)
  A yaktaur captain (Vaults:1)
  An ogre mage (Vaults:3)
  2 vault guards
  2 deep elf high priests (Elf:3)
  10 hydras
  4 shambling mangroves
  2 catoblepae (Lair:6)
  A naga warrior (Snake:4)
  3 anacondas
  A two-headed ogre (Vaults:1)
  2 dancing weapons
  16 death yaks
  2 naga sharpshooters (Snake:4)
  4 shock serpents
  Urug (Lair:4)
  A deep elf knight (Elf:2)
  3 salamander mystics (Snake:4)
  2 swamp dragons
  3 naga ritualists
  2 deep trolls (Vaults:4)
  A lindwurm (Snake:4)
  An ironbrand convoker (Vaults:1)
  2 mana vipers
  2 deep elf magi
  2 deep elf archers
  A wolf spider (Vaults:1)
  2 ugly things
  An orc sorcerer (Elf:3)
  A faun (shapeshifter) (Vaults:1)
  A manticore (Lair:6)
  8 black mambas
  3 salamanders
  8 elephants (Lair:5)
  3 naga magi
  A guardian serpent (Snake:2)
  3 komodo dragons (Lair:5)
  A yaktaur (Vaults:1)
  2 spiny frogs
  A tyrant leech (Swamp:2)
  A troll (D:11)
  6 hornets
  A blink frog (Lair:6)
  7 slime creatures
  4 hippogriffs
  2 spriggans (Swamp:4)
  A wyvern (Lair:6)
  3 hogs (Swamp:2)
  15 yaks
  A basilisk (shapeshifter) (Vaults:1)
  A basilisk (Lair:1)
  3 vampire mosquitoes (Swamp:2)
  3 swamp worms (Swamp:1)
  An insubstantial wisp (Swamp:1)
  A warg (Orc:1)
  3 nagas (Snake:4)
  3 water moccasins
  A porcupine (Lair:1)
  5 swamp drakes
  An orc warrior (D:10)
  2 crocodiles (Lair:1)
  A bullfrog (Lair:3)
  An earth elemental (Elf:3)
  A wight (D:11)
  An orc priest (Orc:2)
  A hound zombie (D:10)
  6 orcs
197 creatures vanquished.

Vanquished Creatures (others)
  A deep elf elementalist (Elf:3)
  A shock serpent (Snake:4)
  A shadow wraith (Vaults:1)
  A mana viper (Snake:4)
  A deep elf mage (Vaults:4)
  A wolf spider (Vaults:4)
  A black mamba (Snake:1)
  A human (Swamp:2)
  A vampire mosquito (Swamp:3)
  A naga (Snake:2)
  An ogre (Depths:1)
  11 fungi
  16 plants
38 creatures vanquished.

Grand Total: 1747 creatures vanquished

Notes
Turn   | Place    | Note
-------+----------+-------------------------------------------
     0 | D:1      | Flugkiller the Demigod Ice Elementalist began the quest for
                  | the Orb.
     0 | D:1      | Reached XP level 1. HP: 14/14 MP: 5/5
   314 | D:1      | Reached XP level 2. HP: 12/20 MP: 0/7
   793 | D:1      | Learned a level 2 spell: Throw Frost
  1209 | D:1      | Reached XP level 3. HP: 18/26 MP: 3/9
  1937 | D:2      | Reached XP level 4. HP: 31/33 MP: 11/11
  2196 | D:2      | Found an iron altar of Okawaru.
  3167 | D:3      | Found a bloodstained altar of Trog.
  3169 | D:3      | Found an iron altar of Okawaru.
  3200 | D:3      | Reached XP level 5. HP: 20/38 MP: 6/12
  3853 | D:4      | Noticed an ogre
  4041 | D:3      | Killed an ogre
  4041 | D:3      | Reached skill level 5 in Ice Magic
  4240 | D:4      | Found a basalt altar of Yredelemnul.
  4436 | D:4      | Reached XP level 6. HP: 27/45 MP: 8/13
  5239 | D:4      | Learned a level 3 spell: Ozocubu's Armour
  5564 | D:5      | Entered Level 5 of the Dungeon
  5578 | D:5      | Found a radiant altar of Vehumet.
  5673 | D:5      | Found a staircase to the Ecumenical Temple.
  5913 | D:5      | Found a shimmering altar of Xom.
  5915 | D:5      | Found an ornate altar of the Wu Jian Council.
  5915 | D:5      | Found a shattered altar of Ashenzari.
  5917 | D:5      | Found a radiant altar of Vehumet.
  5917 | D:5      | Found an opulent altar of Gozag.
  5917 | D:5      | Found a blossoming altar of Fedhas.
  6021 | D:5      | Found a glowing drain.
  6047 | Sewer    | Entered a sewer
  6195 | D:5      | Reached XP level 7. HP: 35/50 MP: 14/14
  6351 | D:5      | Found a stormy altar of Qazlal.
  6487 | D:5      | Learned a level 4 spell: Throw Icicle
  6512 | D:5      | Reached skill level 1 in Conjurations
  8106 | D:6      | Reached XP level 8. HP: 39/57 MP: 11/15
  8414 | D:6      | Noticed Eustachio
  8431 | D:6      | Killed Eustachio
  8513 | D:6      | Found a shattered altar of Ashenzari.
  8999 | D:7      | Found an ancient bone altar of Kikubaaqudgha.
  9069 | D:7      | Reached skill level 5 in Conjurations
  9129 | D:7      | Noticed a hippogriff
  9484 | D:7      | Killed a hippogriff
 10103 | D:7      | Reached skill level 10 in Ice Magic
 10427 | D:7      | Reached XP level 9. HP: 39/62 MP: 3/16
 11260 | D:8      | Noticed Harold
 11600 | D:8      | Reached skill level 1 in Fighting
 11916 | D:8      | Reached skill level 2 in Fighting
 12089 | D:8      | Found a sacrificial altar of Ru.
 12130 | D:8      | Found a staircase to the Lair.
 12244 | D:8      | Reached skill level 3 in Fighting
 12480 | D:8      | Killed Harold
 12480 | D:8      | Reached skill level 4 in Fighting
 12770 | D:8      | Reached XP level 10. HP: 65/78 MP: 6/17
 12854 | D:8      | Reached skill level 5 in Dodging
 13129 | D:8      | Found a staircase to the Lair.
 13146 | D:8      | Found a sacrificial altar of Ru.
 13374 | D:8      | Found a staircase to the Lair.
 13390 | D:8      | Found a sacrificial altar of Ru.
 13859 | D:9      | Found an ornate altar of the Wu Jian Council.
 14236 | D:9      | Noticed a centaur warrior
 14463 | D:9      | Found a basalt altar of Yredelemnul.
 14750 | D:9      | Killed a centaur warrior
 14750 | D:9      | Reached skill level 5 in Fighting
 15123 | D:9      | Reached skill level 6 in Fighting
 15438 | D:9      | Found a staircase to the Orcish Mines.
 15623 | D:9      | Got a glittering emerald amulet
 15624 | D:9      | Identified the amulet of Xom's Full Attention {Inacc Dex+4}
                  | (You found it on level 9 of the Dungeon)
 15852 | D:10     | Entered Level 10 of the Dungeon
 15877 | D:10     | Noticed an eight-headed hydra
 16079 | D:10     | Learned a level 4 spell: Summon Ice Beast
 16147 | D:10     | Noticed a skeletal warrior
 16150 | D:10     | Noticed a skeletal warrior
 16234 | Lair:1   | Entered Level 1 of the Lair of Beasts
 16281 | Lair:1   | Reached skill level 1 in Summonings
 16806 | Lair:1   | Noticed a death yak
 16806 | Lair:1   | Noticed a death yak
 16807 | Lair:1   | Noticed a death yak
 16808 | Lair:1   | Noticed a death yak
 16855 | Lair:1   | Killed a death yak
 16871 | Lair:1   | Killed a death yak
 16962 | Lair:1   | Killed a death yak
 16962 | Lair:1   | Reached skill level 5 in Spellcasting
 16962 | Lair:1   | Reached XP level 11. HP: 77/89 MP: 4/22
 17551 | Lair:1   | Reached skill level 1 in Evocations
 17709 | Lair:1   | Killed a death yak
 19338 | Lair:2   | Reached skill level 5 in Evocations
 20401 | Lair:3   | Noticed a six-headed hydra
 20408 | Lair:3   | Killed a six-headed hydra
 20425 | Lair:3   | Noticed Gastronok
 20451 | Lair:3   | Killed Gastronok
 20451 | Lair:3   | Reached skill level 7 in Fighting
 20580 | Lair:3   | Found a staircase to the Snake Pit.
 20841 | Lair:3   | Found a dark tunnel.
 20846 | Volcano  | Entered a volcano
 21597 | Volcano  | Found a burning altar of Makhleb.
 21602 | Volcano  | Noticed a stone giant
 21631 | Volcano  | HP: 3/92 [efreet/fireball (13)]
 22167 | Lair:3   | Noticed a five-headed hydra
 22172 | Lair:3   | Killed a five-headed hydra
 22696 | Lair:4   | Noticed a death yak
 22697 | Lair:4   | Noticed a death yak
 22697 | Lair:4   | Noticed a death yak
 22722 | Lair:4   | Killed a death yak
 23029 | Lair:4   | Noticed a death yak
 23063 | Lair:4   | Noticed a death yak
 23153 | Lair:3   | Killed a death yak
 23153 | Lair:3   | Reached skill level 8 in Fighting
 23476 | Lair:4   | Found a shimmering altar of Xom.
 23527 | Lair:4   | Reached XP level 12. HP: 101/101 MP: 11/25
 25470 | Lair:4   | Noticed Urug
 25695 | Lair:4   | Killed Urug
 26389 | Lair:4   | Found a staircase to the Swamp.
 27329 | Lair:4   | Found a shimmering altar of Xom.
 27785 | Lair:4   | Found a staircase to the Swamp.
 27798 | Lair:5   | Noticed Rupert
 27872 | Lair:5   | Found a staircase to the Slime Pits.
 28171 | Lair:5   | Found an ornate altar of the Wu Jian Council.
 28734 | Lair:5   | Killed Rupert
 28905 | Lair:5   | Reached skill level 1 in Axes
 28909 | Lair:5   | Reached XP level 13. HP: 77/107 MP: 26/29
 29191 | Lair:6   | Entered Level 6 of the Lair of Beasts
 29206 | Lair:6   | Identified the Papyrus of Dislocated Contamination
 30440 | Lair:6   | Reached skill level 9 in Fighting
 30463 | Lair:6   | Reached skill level 10 in Dodging
 31974 | Lair:6   | Reached skill level 10 in Fighting
 33823 | D:10     | Reached skill level 1 in Armour
 34358 | D:10     | Found a bloodstained altar of Trog.
 35239 | D:11     | Found Xigezov's Distillery.
 35773 | D:11     | Identified the cursed +0 robe "Nanuig" {Slay+6}
 35988 | D:12     | Reached XP level 14. HP: 115/121 MP: 30/30
 36080 | D:12     | Reached skill level 5 in Armour
 36375 | D:12     | Found a blossoming altar of Fedhas.
 36560 | D:12     | Found a runed translucent gate.
 36560 | D:12     | Found a runed translucent gate.
 36561 | D:12     | Found a runed translucent gate.
 36656 | D:13     | Found a snail-covered altar of Cheibriados.
 37608 | D:13     | Found a gate to the Vaults.
 37891 | D:13     | Found a runed translucent door.
 38025 | D:14     | Reached skill level 1 in Shields
 38493 | D:14     | Noticed Agnes
 38658 | D:14     | Killed Agnes
 39198 | D:15     | Entered Level 15 of the Dungeon
 39904 | D:15     | Reached skill level 10 in Armour
 40050 | D:15     | Found a staircase to the Depths.
 40051 | D:15     | Noticed a fire giant
 40563 | D:14     | Reached skill level 5 in Shields
 41328 | D:15     | Killed a fire giant
 41511 | D:15     | Reached XP level 15. HP: 82/126 MP: 3/31
 42436 | D:15     | Found a blossoming altar of Fedhas.
 42608 | Orc:1    | Entered Level 1 of the Orcish Mines
 43463 | Orc:1    | Found a shimmering altar of Xom.
 43587 | Orc:2    | Entered Level 2 of the Orcish Mines
 43816 | Orc:2    | Found a staircase to the Elven Halls.
 45733 | Orc:2    | Found Tuziaz's Antique Armour Shoppe.
 45734 | Orc:2    | Found Qubbox's Antique Weapon Shoppe.
 45735 | Orc:2    | Found Xoluhao's General Store.
 45735 | Orc:2    | Found Miket's Jewellery Emporium.
 45751 | Orc:2    | Bought a smoking troll leather armour for 760 gold pieces
 45763 | Orc:2    | Identified the +3 troll leather armour of Liberalism {+Inv
                  | rElec rN+ Regen+ Int-5} (You bought it in a shop on level 2
                  | of the Orcish Mines)
 45763 | Orc:2    | Bought a pair of runed boots for 285 gold pieces
 46139 | Snake:1  | Entered Level 1 of the Snake Pit
 46966 | Snake:1  | Reached skill level 5 in Axes
 48089 | Snake:1  | Reached skill level 11 in Fighting
 49430 | D:11     | Bought a potion of heal wounds for 85 gold pieces
 50049 | Snake:2  | You fall through a shaft!
 50054 | Snake:3  | Got a transparent morningstar
 50056 | Snake:3  | Identified the +6 morningstar "Lifebane" {crush, Str+5
                  | Int-3} (You found it on level 3 of the Snake Pit)
 50084 | Snake:3  | Noticed a nagaraja
 50521 | Snake:2  | Reached XP level 16. HP: 137/137 MP: 22/32
 51193 | Snake:3  | Found Micwil's Magic Scroll Boutique.
 51202 | Snake:3  | Bought a scroll of teleportation for 45 gold pieces
 51202 | Snake:3  | Bought a scroll of magic mapping for 52 gold pieces
 51995 | Snake:4  | Entered Level 4 of the Snake Pit
 53025 | Snake:3  | Reached skill level 12 in Fighting
 53398 | Snake:4  | Noticed Vashnia
 53684 | Snake:4  | Noticed Asterion
 53874 | Snake:4  | Killed Asterion
 54944 | Snake:4  | Killed Vashnia
 56286 | Snake:4  | Reached skill level 13 in Fighting
 57682 | Snake:4  | Reached skill level 10 in Spellcasting
 58592 | Snake:4  | Reached skill level 1 in Maces & Flails
 58655 | Snake:4  | Reached XP level 17. HP: 133/149 MP: 14/36
 58942 | Snake:4  | Reached skill level 5 in Maces & Flails
 59214 | Snake:4  | Got a serpentine rune of Zot
 59432 | Swamp:1  | Entered Level 1 of the Swamp
 60968 | Swamp:1  | Identified 2 scrolls of acquirement
 60974 | Swamp:1  | Got a heavily runed bronze ring
 60982 | Swamp:1  | Learned a level 6 spell: Freezing Cloud
 61409 | Swamp:2  | Reached skill level 1 in Air Magic
 62024 | Swamp:2  | Noticed Kirke
 62163 | Swamp:2  | Killed Kirke
 62239 | Swamp:2  | Identified the ring "Nuluck" {+Fly Stlth+} (You acquired it
                  | on level 1 of the Swamp)
 62895 | Swamp:2  | Paralysed by a hornet for 1 turns
 64259 | Swamp:3  | Noticed Jorgrun
 64278 | Swamp:3  | Killed Jorgrun
 64629 | Swamp:4  | Entered Level 4 of the Swamp
 65908 | Swamp:4  | Reached XP level 18. HP: 116/157 MP: 33/38
 66603 | Swamp:4  | Got a decaying rune of Zot
 67017 | Elf:1    | Entered Level 1 of the Elven Halls
 67487 | Elf:1    | Found Gotwuama's Assorted Antiques.
 67541 | Elf:1    | Reached skill level 5 in Air Magic
 67595 | Elf:1    | Reached skill level 10 in Maces & Flails
 68151 | Elf:2    | Found Ybaluil's Weapon Shoppe.
 69149 | Elf:2    | Found a runed translucent gate.
 69154 | Elf:2    | Found a runed translucent gate.
 69154 | Elf:2    | Found a runed translucent gate.
 69187 | Elf:2    | Found Menuitin's Distillery.
 69287 | Elf:2    | Found Kucs's Armour Shop.
 69336 | Elf:2    | Bought 2 potions of heal wounds for 170 gold pieces
 69377 | Elf:2    | Found a portal to a secret trove of treasure.
 70814 | Vaults:1 | Entered Level 1 of the Vaults
 71644 | Vaults:1 | Reached skill level 14 in Fighting
 71806 | Vaults:1 | Reached skill level 10 in Shields
 72497 | Vaults:1 | Reached XP level 19. HP: 168/168 MP: 34/39
 74667 | Vaults:2 | Got a smoking pewter ring
 74672 | Vaults:2 | Identified the ring "Bukoerung" {rC+ MR+} (You found it on
                  | level 2 of the Vaults)
 74944 | Vaults:2 | Found a staircase to the Crypt.
 74944 | Vaults:2 | Found a basalt altar of Yredelemnul.
 74945 | Vaults:2 | Found an ancient bone altar of Kikubaaqudgha.
 75182 | Vaults:2 | Reached skill level 15 in Fighting
 77954 | Vaults:4 | Found Lebatovo's Distillery.
 77959 | Vaults:4 | Bought a potion of heal wounds for 85 gold pieces
 77973 | Vaults:4 | Noticed Mara
 78022 | Vaults:3 | Noticed Flugkiller's illusion
 78438 | Vaults:3 | Killed Mara
 78438 | Vaults:3 | Reached skill level 16 in Fighting
 79615 | Vaults:4 | Noticed Jory
 79881 | Depths:1 | Entered Level 1 of the Depths
 79962 | Depths:1 | Found a gateway to Hell.
 80054 | Depths:1 | Found a runed translucent door.
 80332 | Depths:1 | Reached XP level 20. HP: 151/182 MP: 40/40
 80504 | Depths:1 | Found a gateway to a ziggurat.
 80504 | Depths:1 | Identified the +1 large shield "Vamaj" {rPois rCorr SInv}
 81373 | D:15     | Reached skill level 5 in Summonings
 84041 | Vaults:1 | Learned a level 5 spell: Summon Mana Viper
 84048 | Vaults:1 | Learned a level 6 spell: Shadow Creatures
 84289 | D:15     | Reached skill level 1 in Hexes
 84620 | Depths:1 | Found the +8 glaive of the Guard {elec, +Rage AC+5 SInv}
 86684 | Elf:3    | Entered Level 3 of the Elven Halls
 87433 | Elf:3    | Reached skill level 5 in Hexes
 87467 | Elf:3    | Found a roughly hewn altar of Beogh.
 87938 | Elf:3    | Reached skill level 10 in Summonings
 89430 | Elf:3    | Reached XP level 21. HP: 161/189 MP: 32/41
 89466 | Elf:3    | Identified the amulet "Kykyavi" {Gourm *Contam rElec Int+3
                  | Dex+7}
 89865 | Elf:2    | Bought a +2 hat for 224 gold pieces
 90418 | Elf:3    | Slain by a lorocyproca

Skill      XL: |  1  2  3  4  5  6  7  8  9 10 11 12 13 14 15 16 17 18 19 20 |
---------------+-------------------------------------------------------------+-----
Spellcasting   | 2 3 5 6 8 10 11 | 11.0
Ice Magic      | 3 4 5 7 8 10 11 13 | 13.0
Conjurations   | 3 5 6 8 |  8.3
Dodging        | 4 7 8 9 11 12 13 | 13.0
Fighting       | 4 6 8 10 11 13 14 16 | 16.3
Summonings     | 2 11 | 11.5
Evocations     | 5 |  5.0
Axes           | 1 4 8 9 |  9.1
Armour         | 4 10 11 13 | 13.0
Shields        | 5 9 10 11 12 | 12.1
Maces & Flails | 2 9 10 | 10.7
Air Magic      | 4 5 |  5.0
Hexes          | 5 |  5.0
Stealth        | |  1.7

Action                   |  1- 3 |  4- 6 |  7- 9 | 10-12 | 13-15 | 16-18 | 19-21 || total
-------------------------+-------+-------+-------+-------+-------+-------+-------++-------
Melee: Unarmed           |     8 |       |     8 |       |       |       |       ||    16
       Dagger            |    29 |   167 |   198 |   266 |       |       |       ||   660
       Battleaxe         |       |       |       |    23 |   717 |       |       ||   740
       Broad axe         |       |       |       |       |   920 |   407 |       ||  1327
       Demon whip        |       |       |       |       |       |  1878 |  2121 ||  3999
Throw: Throwing net      |       |       |       |     1 |       |       |       ||     1
 Cast: Freeze            |    53 |    44 |   143 |   219 |     1 |     5 |       ||   465
       Throw Frost       |       |     8 |    22 |     2 |     1 |     2 |       ||    35
       Ozocubu's Armour  |       |     1 |     5 |    17 |    82 |    64 |    29 ||   198
       Throw Icicle      |       |       |    21 |   166 |   242 |   304 |    39 ||   772
       Summon Ice Beast  |       |       |       |    76 |   102 |   187 |    60 ||   425
       Summon Mana Viper |       |       |       |       |       |       |    47 ||    47
 Abil: Evoke Flight      |       |       |       |       |       |     1 |       ||     1
       Evoke Invisibilit |       |       |       |       |       |     1 |       ||     1
Evoke: Wand              |       |       |       |    13 |    11 |    18 |    25 ||    67
       Phial of floods   |       |       |       |       |       |     3 |     4 ||     7
       Lamp of fire      |       |       |       |       |       |     1 |     3 ||     4
  Use: Scroll            |       |    10 |     2 |    21 |    14 |    20 |    17 ||    84
       Potion            |       |       |     1 |     1 |     4 |    10 |    12 ||    28
 Stab: Sleeping          |     1 |     2 |     3 |       |     5 |    19 |     8 ||    38
       Paralysed         |       |       |       |     8 |       |     1 |       ||     9
       Distracted        |       |       |       |     4 |     9 |     9 |     7 ||    29
       Fleeing           |       |       |       |       |       |     3 |       ||     3
  Eat: Chunk             |     4 |    10 |    15 |    35 |    57 |    29 |    29 ||   179
       Ration            |       |     1 |     3 |    11 |    11 |    17 |    10 ||    53
Armor: Robe              |    12 |    18 |    26 |    53 |   113 |       |       ||   222
       Skin              |       |       |     8 |     4 |       |       |       ||    12
       Troll leather arm |       |       |       |       |   171 |   242 |   107 ||   520
       Leather armour    |       |       |       |       |     9 |       |       ||     9
       Ring mail         |       |       |       |       |     1 |       |       ||     1
       Plate armour      |       |       |       |       |    53 |       |       ||    53
       Swamp dragon scal |       |       |       |       |       |    99 |    71 ||   170
Dodge: Dodged            |    50 |   151 |   374 |   672 |  2357 |  2015 |   856 ||  6475
Block: Shield            |       |       |       |       |   677 |  1262 |   726 ||  2665
